 Dungeon Crawl Stone Soup version 0.29.1-1-gd02db6906a (webtiles) character file.

Game seed: 6914701119604196425

2418 Earthwalker the Trooper (level 9, 0/79 HPs)
             Began as a Minotaur Fighter on Oct 14, 2022.
             Was a Believer of Okawaru.
             Succumbed to an orc wizard's poison
             ... on level 7 of the Dungeon.
             The game lasted 00:23:19 (7287 turns).

Earthwalker the Trooper (Minotaur Fighter)          Turns: 7287, Time: 00:23:20

Health: 0/79       AC: 14    Str: 24    XL:     9   Next: 24%
Magic:  9/9        EV:  7    Int:  5    God:    Okawaru [**....]
Gold:   394        SH:  5    Dex: 11    Spells: 8/8 levels left

rFire   . . .      SeeInvis .   a - +1 war axe
rCold   . . .      Faith    .   c - +0 buckler
rNeg    . . .      Spirit   .   p - +1 plate armour
rPois   +          Reflect  .   (helmet restricted)
rElec   .          Harm     .   (no cloak)
rCorr   +          Rampage  .   (no gloves)
Will    .....                   (no boots)
Stlth   ..........              (no amulet)
HPRegen 0.23/turn               r - ring of resist corrosion
MPRegen 0.11/turn               F - ring of poison resistance

@: lethally poisoned (0 -> -2)
A: horns 2, retaliatory headbutt
a: Renounce Religion, Heroism


You were on level 7 of the Dungeon.
You worshipped Okawaru.
Okawaru was pleased with you.
You visited 2 branches of the dungeon, and saw 8 of its levels.
You also visited: Ossuary.

You collected 394 gold pieces.

Inventory:

Hand Weapons
 a - a +1 war axe (weapon)
Missiles
 g - 2 javelins
 o - 5 poisoned darts (quivered)
 D - 7 stones
 I - 5 atropa-tipped darts
Armour
 b - a +0 scale mail
 c - a +0 buckler (worn)
 m - a +2 leather armour of willpower
 p - a +1 plate armour (worn)
Jewellery
 r - a ring of resist corrosion (left hand)
 E - an amulet of magic regeneration
 F - a ring of poison resistance (right hand)
 J - a +6 ring of intelligence
Wands
 l - a wand of roots (6)
 y - a wand of digging (5)
Scrolls
 i - 3 scrolls of fear
 j - a scroll of silence
 n - 2 scrolls of butterflies
 s - 5 scrolls of teleportation
 t - a scroll of immolation
 u - 2 scrolls of noise
 G - a scroll of enchant weapon
 H - a scroll of torment {unknown}
Potions
 d - 5 potions of might
 e - 3 potions of magic
 f - 2 potions of cancellation
 h - a potion of mutation
 k - 11 potions of curing
 q - 3 potions of degeneration
 v - a potion of attraction
 w - a potion of heal wounds
 x - a potion of brilliance
 z - a potion of lignification
 A - 2 potions of haste
 B - a potion of experience {unknown}
 C - 2 potions of flight {unknown}


   Skills:
 * Level 7.6 Fighting
 * Level 7.0 Axes
 * Level 2.6 Throwing
 * Level 7.4 Armour
 * Level 2.7 Dodging
 * Level 2.4 Stealth
 * Level 7.4 Shields
 + Level 1.7 Invocations
 + Level 1.5 Evocations


You had 8 spell levels left.
You didn't know any spells.
Your spell library contained the following spells:

 Spells                   Type           Power      Damage    Failure   Level
 Apportation              Tloc           0%         N/A       100%        1
 Foxfire                  Conj/Fire      0%         2x1d4     100%        1
 Necrotise                Necr           0%         1d4       100%        1
 Poisonous Vapours        Pois/Air       0%         N/A       100%        2
 Wereblood                Tmut           0%         N/A       100%        2
 Mephitic Cloud           Conj/Pois/Air  0%         N/A       100%        3
 Corpse Rot               Necr/Pois/Air  0%         N/A       100%        4
 Yara's Violent Unravell  Hex/Tmut       0%         3d3       100%        5
 Starburst                Conj/Fire      0%         6d3       100%        6
 Summon Small Mammal      Summ           Unusable   N/A       N/A         1

Dungeon Overview and Level Annotations

Branches:
Dungeon (7/15)             Temple (1/1) D:6         Ossuary (visited)

Altars:
Cheibriados
Dithmenos
Elyvilon
Fedhas
Hepliaklqana
Kikubaaqudgha
Okawaru
Qazlal
Ru
Sif Muna
Uskayaw
Wu Jian
Yredelemnul
Zin
The Shining One

Shops:
D:2 *

Annotations:
D:7 Joseph, Maggie


Innate Abilities, Weirdness & Mutations

You have a pair of horns on your head.
You reflexively headbutt those who attack you in melee.


Message History

* * * LOW HITPOINT WARNING * * *
You hear some strange, mumbled words.
You are confused.
You miss something. You hit the orc warrior.
You feel very sick.
The orc warrior hits you with a +0 long sword.
* * * LOW HITPOINT WARNING * * *
Something hits you but does no damage.
Unknown command.
You bump into the rock wall.
You feel sick.
The orc warrior hits you but does no damage.
Something hits you.
* * * LOW HITPOINT WARNING * * *
Unknown command.
You miss something. You headbutt something! You hit the orc warrior.
* * * LOW HITPOINT WARNING * * *
You feel sick.
The orc warrior hits you with a +0 long sword.
* * * LOW HITPOINT WARNING * * *
Something hits you but does no damage.
The orc warrior hits you but does no damage.
You hit the orc warrior.
The orc warrior is almost dead.
You closely miss something.
* * * LOW HITPOINT WARNING * * *
You feel sick. Something hits you but does no damage.
The orc warrior hits you but does no damage.
You closely miss the orc warrior. Your headbutt misses the orc warrior.
The orc warrior is almost dead.
You miss something.
* * * LOW HITPOINT WARNING * * *
You feel sick. Something hits you but does no damage.
The orc warrior closely misses you.
Unknown command.
You barely miss the orc warrior.
You headbutt the orc warrior, but do no damage.
The orc warrior is almost dead.
You miss something.
You feel less confused.
You die...

##################
##@)...............
#o{###############.
#.## #. #.# ###. #.#
#... ..# #.##
...######### #.#
....h......#####...#
..o..o####..........


You could see an orc warrior.

Vanquished Creatures
  A wyvern (D:7)
  Menkaure (D:5)
  Duvessa (D:7)
  An ice beast (D:7)
  3 black bears
  2 orc warriors
  A phantom (D:5)
  3 bullfrogs
  A gnoll sergeant (D:7)
  2 scorpions (D:5)
  2 jellies
  Dowan (D:7)
  A howler monkey (D:5)
  6 hounds
  4 orc priests
  2 human zombies (Ossuary)
  2 iguanas
  5 orc wizards
  4 mummies (Ossuary)
  4 adders
  8 gnolls
  A shadow imp (D:6)
  A white imp (D:7)
  3 ufetubi
  A worm (D:3)
  13 dart slugs
  16 orcs
  5 ball pythons
  7 bats
  9 endoplasms
  A gnoll zombie (Ossuary)
  11 goblins
  8 hobgoblins
  4 jackals (D:5)
  8 kobolds
  2 quokkas (D:1)
  A frilled lizard (D:1)
  A hobgoblin zombie (Ossuary)
  4 orc zombies (Ossuary)
  5 rats
156 creatures vanquished.

Vanquished Creatures (others)
  A fungus (D:1)
1 creature vanquished.

Grand Total: 157 creatures vanquished

Notes
Turn   | Place    | Note
-------+----------+-------------------------------------------
     0 | D:1      | Earthwalker the Minotaur Fighter began the quest for the
                  | Orb.
     0 | D:1      | Reached XP level 1. HP: 19/19 MP: 0/0
   308 | D:1      | Reached XP level 2. HP: 22/27 MP: 1/1
   589 | D:1      | Found a faded altar of an unknown god.
   833 | D:1      | Reached XP level 3. HP: 31/33 MP: 2/2
  1068 | D:2      | Found a glowing silver altar of Zin.
  1149 | D:2      | Found Gingyah's Assorted Antiques.
  1524 | D:2      | Got the Quarto of the Gusty Volcanoes
  1914 | D:3      | Got the Cyclopedia of Permutations
  2027 | D:3      | Reached XP level 4. HP: 6/41 MP: 3/3
  3002 | D:4      | Reached XP level 5. HP: 47/47 MP: 4/4
  3102 | D:4      | Found a sand-covered staircase.
  3111 | D:4      | Reached skill level 5 in Fighting
  3111 | D:4      | Reached skill level 5 in Armour
  3111 | D:4      | Reached skill level 5 in Shields
  3167 | Ossuary  | Entered an ossuary
  3207 | Ossuary  | Reached XP level 6. HP: 25/56 MP: 5/5
  3868 | D:4      | Identified the +6 quarterstaff of Ewousma {spect, *Noise
                  | rCorr Dex+3}
  4000 | D:5      | Entered Level 5 of the Dungeon
  4000 | D:5      | Noticed Menkaure
  4008 | D:5      | Killed Menkaure
  4205 | D:5      | Reached skill level 5 in Axes
  4205 | D:5      | Reached XP level 7. HP: 58/62 MP: 6/6
  4993 | D:6      | Reached XP level 8. HP: 65/71 MP: 7/7
  5052 | D:6      | Found a staircase to the Ecumenical Temple.
  5061 | Temple   | Entered the Ecumenical Temple
  5132 | Temple   | Became a worshipper of Warmaster Okawaru
  5428 | D:6      | Reached skill level 1 in Throwing
  5428 | D:6      | Reached skill level 1 in Dodging
  5428 | D:6      | Reached skill level 1 in Stealth
  5789 | D:6      | Reached * piety under Okawaru
  5790 | D:6      | Reached skill level 1 in Invocations
  5964 | D:7      | Noticed Joseph
  5978 | D:7      | Noticed Duvessa
  5978 | D:7      | Noticed Dowan
  5985 | D:7      | Killed Dowan
  5987 | D:7      | Killed Duvessa
  5988 | D:7      | Reached skill level 1 in Evocations
  6435 | D:7      | Reached XP level 9. HP: 55/79 MP: 7/9
  6720 | D:7      | Reached ** piety under Okawaru
  6896 | D:7      | Noticed Maggie
  7284 | D:7      | HP: 3/79 [poisoned by an orc wizard]
  7286 | D:7      | HP: 1/79 [poisoned by an orc wizard]
  7287 | D:7      | Succumbed to an orc wizard's poison

Illustrated notes

Levels and vault maps discovered:
D:1:      dpeg_cavernosity, layout_basic, shapermc_ecumenical_altar_petra
D:2:      layout_loops_corners, basic_altar, serial_shops,
          nicolae_shop_temple_entry_statues_fountains, amcnicky_mini_pool_small,
          st_stairs_12
D:3:      minmay_chambers_of_threes, layout_basic, chequers_decorated_corner,
          dk_noncrumbling_3
D:4:      kennysheep_slugbush, layout_cave_pools,
          lightli_ossuary_entry_decrepit_ruins
D:5:      nicolae_cairo_tiling_large, layout_cave_pools,
          kennysheep_big_empty_room, grunt_ministairs_2, uniq_edmund,
          uniq_menkaure
D:6:      layout_loops_ring, temple_green
D:7:      layout_rooms, skrybe_limestone_x, bh_walls_and_bars, uniq_duvessa,
          uniq_joseph, uniq_maggie
Temple:   regret_index_temple_waves

Skill      XL: |  1  2  3  4  5  6  7  8  9 |
---------------+----------------------------+-----
Fighting       | 4 5 6 7 |  7.6
Armour         | 4 5 6 7 |  7.4
Shields        | 4 5 6 7 |  7.4
Axes           | 3 4 5 6 7 |  7.0
Throwing       | 2 |  2.6
Dodging        | 2 |  2.7
Stealth        | 2 |  2.4
Invocations    | 1 |  1.7
Evocations     | 1 |  1.5

Action                   |  1- 3 |  4- 6 |  7- 9 || total
-------------------------+-------+-------+-------++-------
Melee: War axe           |    74 |   128 |   209 ||   411
       Headbutt          |    11 |    21 |    47 ||    79
Throw: Dart              |       |     3 |       ||     3
       Javelin           |       |     2 |       ||     2
  Use: Scroll            |     7 |     1 |    12 ||    20
Armor: Scale mail        |    27 |     5 |       ||    32
       Plate armour      |       |    56 |   141 ||   197
Dodge: Dodged            |    18 |    35 |    72 ||   125
Block: Buckler           |    11 |    20 |    63 ||    94
